 Dungeon Sprint DCSS version 0.19.5 (webtiles) character file.

17994 Mesmaeker13 the Imperceptible (level 12, -6/65 HPs)
             Began as a Spriggan Assassin on Apr 4, 2017.
             Was the Champion of Dithmenos.
             Killed from afar by a fire giant (23 damage)
             ... with a fireball
             ... in the Dungeon (Sprint I: "Red Sonja").
             The game lasted 00:25:13 (4420 turns).

Mesmaeker13 the Imperceptible (Spriggan Assassin)   Turns: 4420, Time: 00:25:14

Health: -6/65      AC: 13    Str:  5 (6)  XL:     12   Next: 23%
Magic:  18/18      EV: 36    Int: 12 (13) God:    Dithmenos [******]
Gold:   842        SH:  9    Dex: 18 (19) Spells: 0 memorised, 11 levels left

rFire  + . .     SeeInvis +     b - +0 blowgun
rCold  + . .     Gourm    .     w - +2 robe {rC+ rF+}
rNeg   + . .     Faith    .     r - +2 buckler {reflect}
rPois  .         Spirit   .     (helmet restricted)
rElec  .         Reflect  +     q - +2 cloak {MR+}
rCorr  .         Harm     .     (gloves unavailable)
MR     +++++     Clarity  +     (boots unavailable)
Stlth  ++++++++++ NoTele   +    l - amulet of the Four Winds {rN+ MR+++ Clar}
                                i - ring of wizardry
                                s - +6 ring of protection

@: wreathed by umbra, very quick
A: unfitting armour, see invisible, clumsy 1, deterioration 2, herbivore 3,
speed 3, frail 1, sense surroundings 1, screaming 1, slow regeneration 1, slow
metabolism 2, weak 1
a: Shadow Step, Shadow Form, Renounce Religion


You were in the Dungeon.
You worshipped Dithmenos.
Dithmenos was exalted by your worship.
You were not hungry.

You visited 1 branch You collected 3513 gold pieces.
You spent 2671 gold pieces at shops.

Inventory:

Hand Weapons
 a - a +2 dagger
 b - a +0 blowgun (weapon)
 p - a +2 short sword of venom
Missiles
 d - a throwing net
 e - 18 poisoned needles (quivered)
 f - 12 curare-tipped needles
Armour
 q - a +2 cloak of magic resistance (worn)
 r - a +2 buckler of reflection (worn)
 w - a +2 robe of resistance (worn)
Jewellery
 i - a ring of wizardry (right hand)
 l - the amulet of the Four Winds (around neck) {rN+ MR+++ Clar}
   (You bought it in a shop in the Dungeon)

   [amulet of nothing]

   It protects you from negative energy.
   It affects your resistance to hostile enchantments.
   It protects you against confusion.
 n - an uncursed ring of magical power
 s - a +6 ring of protection (left hand)
Scrolls
 h - a scroll of enchant armour
 m - a scroll of blinking
 o - a scroll of remove curse
 u - a scroll of recharging
 v - a scroll of fear
Potions
 c - 3 potions of curing
 j - a potion of haste
 k - 2 potions of magic
Comestibles
 g - 2 bread rations


   Skills:
 + Level 13.5 Fighting
 - Level 11.2 Short Blades
 + Level 2.0 Throwing
 + Level 21.6 Dodging
 + Level 23.5 Stealth
 + Level 4.4 Shields
 - Level 7.6 Invocations


You had 11 spell levels left.
You didn't know any spells.

Dungeon Overview and Level Annotations

Branches:
Dungeon (1/1)

Altars:
Cheibriados
Dithmenos
Elyvilon
Fedhas
Gozag
Hepliaklqana
Kikubaaqudgha
Makhleb
Nemelex Xobeh
Okawaru
Qazlal
Ru
Sif Muna
Trog
Uskayaw
Vehumet
Xom
Yredelemnul
Zin
The Shining One
Jiyva
Lugonu

Shops:
D %(%%*}(=}[=:*%(%=*%[[


Innate Abilities, Weirdness & Mutations

You are very small and have problems with some larger weapons.
You are too small for most types of armour.
You have supernaturally acute eyesight. (SInv)
You are a herbivore.
You cover ground extremely quickly.
You need consume almost no food.
You are clumsy. (Dex -2)
Your body often deteriorates upon taking damage.
You are frail. (-10% HP)
You passively map a small area around you.
You occasionally shout uncontrollably at your foes.
You regenerate slowly when monsters are visible.
You are weak. (Str -2)


Message History

The fire giant barely misses you.
You hit the fire giant but do no damage.
The fire giant looks as sick as possible!
The fire giant is severely wounded.
You barely miss the fire giant.
The fire giant is severely wounded.
You hit the fire giant.
The fire giant looks as sick as possible!
The fire giant is severely wounded.
Your shadow hits the fire giant but does no damage.
The fire giant hits you with a great sword of flaming!!
You emit a cloud of dark smoke.
The fire giant burns you.
* * * LOW HITPOINT WARNING * * *
There is an open door, spattered with blood here.
Wield which item (- for none, * to show all)? (? for menu, Esc to quit)
Your +2 short sword of venom stops dripping with poison.
b - a +0 blowgun (weapon)
The fire giant casts a spell at you.
The fireball explodes!
The fireball engulfs you! You resist.
You die...

############################
.#..#....§§..§§.@§§#§§'.§.§# ,
.##'#§####§.§§§##..'^§#§§§§## ,
§§§§#§#[###§§C#######'#§§§§§# *
##§.§.#'#$###§#)[.##§.#§§§§§# ,
##§####^..#y#.##...#..##.§..# ∩
#.§§.§#...###..###.#..≈###'##
#§...§§...$$##.#A#.#..≈.e#)# ##
###.§§#^....#..###.#..≈.##§#§.§
'.#...###''##.##...#..≈##§§§..§


You could see a fire giant.

Vanquished Creatures
  A lorocyproca (D)
  A hydra (D)
  2 centaur warriors (D)
  Sonja (D)
  7 unseen horrors (D)
  A deep troll (D)
  A lindwurm (D)
  8 shining eyes (D)
  An oklob plant (D)
  A siren (D)
  A gargoyle (D)
  2 kobold demonologists (D)
  4 demonic crawlers (D)
  A hellwing (D)
  A slime creature (D)
  A hornet (D)
  Sigmund (D)
  2 redbacks (D)
  13 hogs (D)
  A yak (D)
  7 floating eyes (D)
  7 necrophages (D)
  An ogre (D)
  8 jellies (D)
  Ijyb (D)
75 creatures vanquished.

Vanquished Creatures (others)
  A shadow dragon (D)
  A gargoyle (D)
  2 ballistomycetes (D)
  2 ballistomycete spores (D)
6 creatures vanquished.

Grand Total: 81 creatures vanquished

Notes
Turn   | Place    | Note
-------+----------+-------------------------------------------
     0 | D        | Mesmaeker13 the Spriggan Assassin began the quest for the Orb.
     0 | D        | Reached XP level 1. HP: 10/10 MP: 2/2
     1 | D        | Noticed Ijyb
     4 | D        | Killed Ijyb
     4 | D        | Reached skill level 7 in Stealth
     4 | D        | Reached XP level 2. HP: 14/14 MP: 3/3
     6 | D        | Noticed an ogre
     9 | D        | Killed an ogre
     9 | D        | Reached skill level 5 in Short Blades
     9 | D        | Reached skill level 10 in Stealth
     9 | D        | Reached XP level 3. HP: 18/18 MP: 4/4
     9 | D        | Reached XP level 4. HP: 22/22 MP: 5/5
    18 | D        | Noticed Sigmund
    21 | D        | Killed Sigmund
    21 | D        | Reached skill level 11 in Stealth
    21 | D        | Reached XP level 5. HP: 29/29 MP: 6/6
   135 | D        | Found a deep blue altar of Sif Muna.
   137 | D        | Found a radiant altar of Vehumet.
   141 | D        | Reached skill level 12 in Stealth
   141 | D        | Reached XP level 6. HP: 33/33 MP: 7/7
   165 | D        | Found Bumiuttioso's Food Emporium.
   165 | D        | Found an ancient bone altar of Kikubaaqudgha.
   165 | D        | Found a hazy altar of Hepliaklqana.
   165 | D        | Found a hide-covered altar of Uskayaw.
   165 | D        | Found a basalt altar of Yredelemnul.
   165 | D        | Found an opulent altar of Gozag.
   165 | D        | Found a snail-covered altar of Cheibriados.
   165 | D        | Found a sacrificial altar of Ru.
   165 | D        | Found a shadowy altar of Dithmenos.
   165 | D        | Noticed a yak
   166 | D        | Found a stormy altar of Qazlal.
   166 | D        | Found a blossoming altar of Fedhas.
   166 | D        | Found a bloodstained altar of Trog.
   166 | D        | Found an iron altar of Okawaru.
   166 | D        | Found a glowing golden altar of the Shining One.
   166 | D        | Found a glowing silver altar of Zin.
   166 | D        | Found a white marble altar of Elyvilon.
   197 | D        | Killed a yak
   197 | D        | Reached skill level 10 in Dodging
   198 | D        | Found a sparkling altar of Nemelex Xobeh.
   205 | D        | Became a worshipper of Dithmenos the Shadowed
   209 | D        | Bought a bread ration for 60 gold pieces
   209 | D        | Bought a bread ration for 60 gold pieces
   361 | D        | Found a viscous altar of Jiyva.
   361 | D        | Found a corrupted altar of Lugonu.
   361 | D        | Noticed a slime creature
   362 | D        | Found a burning altar of Makhleb.
   362 | D        | Found a shimmering altar of Xom.
   364 | D        | Killed a slime creature
   364 | D        | Reached skill level 5 in Fighting
   364 | D        | Reached skill level 13 in Stealth
   364 | D        | Reached XP level 7. HP: 39/39 MP: 8/8
   372 | D        | Noticed a centaur warrior
   378 | D        | Noticed Sonja
   382 | D        | Killed Sonja
   382 | D        | Reached skill level 10 in Short Blades
   382 | D        | Reached skill level 14 in Stealth
   382 | D        | Reached XP level 8. HP: 45/45 MP: 9/9
   401 | D        | Noticed a deep troll
   405 | D        | Killed a deep troll
   405 | D        | Reached * piety under Dithmenos
   405 | D        | Reached skill level 15 in Stealth
   417 | D        | Found Witigeut's Armour Emporium.
   456 | D        | Bought a +2 cloak of magic resistance for 236 gold pieces
   480 | D        | Found Coit's Food Boutique.
   505 | D        | Noticed a centaur warrior
   522 | D        | Noticed a kobold demonologist
   523 | D        | Noticed a kobold demonologist
   527 | D        | Noticed a hellwing
   529 | D        | Noticed a soul eater
   531 | D        | Noticed a sun demon
   534 | D        | Reached skill level 16 in Stealth
   545 | D        | Noticed an orange demon
   546 | D        | Noticed a hellwing
   559 | D        | Killed a kobold demonologist
   559 | D        | Reached XP level 9. HP: 29/51 MP: 10/10
   651 | D        | Killed a gargoyle
   707 | D        | Noticed a demonic crawler
   707 | D        | Noticed a demonic crawler
   707 | D        | Noticed a demonic crawler
   707 | D        | Noticed a demonic crawler
   852 | D        | Killed a centaur warrior
   852 | D        | Reached ** piety under Dithmenos
   852 | D        | Reached skill level 15 in Dodging
   852 | D        | Reached skill level 17 in Stealth
   855 | D        | Killed a centaur warrior
   855 | D        | Reached skill level 18 in Stealth
   882 | D        | Noticed an oklob plant
   884 | D        | Killed an oklob plant
   884 | D        | Reached XP level 10. HP: 59/59 MP: 11/11
   893 | D        | Reached *** piety under Dithmenos
   893 | D        | Reached skill level 10 in Fighting
   896 | D        | Reached skill level 19 in Stealth
   912 | D        | Noticed an unseen horror
   912 | D        | Noticed an unseen horror
   950 | D        | Killed an unseen horror
   970 | D        | Killed an unseen horror
   970 | D        | Reached **** piety under Dithmenos
  1380 | D        | Reached skill level 20 in Stealth
  1541 | D        | Reached ***** piety under Dithmenos
  1745 | D        | Noticed a gargoyle
  1764 | D        | Noticed a lindwurm
  1769 | D        | Killed a lindwurm
  1779 | D        | Reached skill level 1 in Invocations
  1816 | D        | Reached ****** piety under Dithmenos
  1838 | D        | Reached XP level 11. HP: 46/65 MP: 14/14
  1846 | D        | Reached skill level 21 in Stealth
  2010 | D        | Noticed a 12-headed hydra
  2012 | D        | Killed a 12-headed hydra
  2027 | D        | Noticed a daeva
  2031 | D        | Noticed an unseen horror
  2031 | D        | Noticed an unseen horror
  2031 | D        | Noticed an unseen horror
  2031 | D        | Noticed an unseen horror
  2033 | D        | Killed an unseen horror
  2033 | D        | Reached skill level 5 in Invocations
  2034 | D        | Noticed an unseen horror
  2035 | D        | Killed an unseen horror
  2036 | D        | Killed an unseen horror
  2038 | D        | Killed an unseen horror
  2038 | D        | Reached skill level 22 in Stealth
  2040 | D        | Killed an unseen horror
  2068 | D        | Got a bloodstained robe
  2191 | D        | Identified the cursed +1 robe of the Tarantula {-Tele +Fly rF+ MR+} (You found it in the Dungeon)
  2215 | D        | Noticed a lorocyproca
  2268 | D        | Noticed a shining eye
  2268 | D        | Noticed a shining eye
  2437 | D        | Found Zetoc's Jewellery Shoppe.
  2437 | D        | Found Abig's Antique Weapon Shop.
  2437 | D        | Found Piel's Gadget Boutique.
  2439 | D        | Found Uculloex's Antique Armour Emporium.
  2439 | D        | Found Xefuwaat's Jewellery Shop.
  2439 | D        | Found Ygrot's Book Shoppe.
  2439 | D        | Found Tidolat's General Store.
  2439 | D        | Found Okeitrodog's Food Emporium.
  2439 | D        | Found Pedenuss's Weapon Shop.
  2439 | D        | Found Umups's Food Shoppe.
  2442 | D        | Found Tavogolusu's Jewellery Boutique.
  2443 | D        | Found Fyez's Food Emporium.
  2443 | D        | Found Meacoc's Assorted Antiques.
  2444 | D        | Found Deusujek's Armour Emporium.
  2448 | D        | Bought a scroll of identify for 24 gold pieces
  2464 | D        | Bought the amulet of the Four Winds {rN+ MR+++ Clar} for 388 gold pieces
  2466 | D        | Bought a runed buckler for 241 gold pieces
  2515 | D        | Noticed a shining eye
  2562 | D        | Noticed a deep elf annihilator
  2655 | D        | Reached skill level 1 in Shields
  2884 | D        | Noticed a shadow dragon
  2884 | D        | Noticed a golden dragon
  2977 | D        | Killed a lorocyproca
  3522 | D        | Bought a +6 ring of protection for 1014 gold pieces
  3526 | D        | Bought a scroll of identify for 24 gold pieces
  3526 | D        | Bought a potion of curing for 36 gold pieces
  3532 | D        | Bought a scroll labeled WIAWIU VOBYGOF for 21 gold pieces
  3532 | D        | Bought a scroll of identify for 42 gold pieces
  3532 | D        | Bought a scroll labeled ASUATWESMYTZ for 21 gold pieces
  3533 | D        | Bought a +2 robe of resistance for 452 gold pieces
  3605 | D        | Noticed a shining eye
  3605 | D        | Noticed a shining eye
  3605 | D        | Noticed a shining eye
  3626 | D        | Gained mutation: You passively map a small area around you. [a shining eye]
  3647 | D        | Killed a shining eye
  3656 | D        | Gained mutation: Your body sometimes deteriorates upon taking damage. [a shining eye]
  3661 | D        | Gained mutation: You are clumsy. (Dex -2) [a shining eye]
  3663 | D        | Killed a shining eye
  3663 | D        | Reached skill level 23 in Stealth
  3663 | D        | Reached XP level 12. HP: 73/73 MP: 18/18
  3777 | D        | Gained mutation: Your body often deteriorates upon taking damage. [a shining eye]
  3784 | D        | Gained mutation: You occasionally shout uncontrollably at your foes. [a shining eye]
  3788 | D        | Gained mutation: You are weak. (Str -2) [a shining eye]
  3794 | D        | Gained mutation: You are frail. (-10% HP) [a shining eye]
  3817 | D        | Gained mutation: You regenerate slowly when monsters are visible. [a shining eye]
  3943 | D        | Found Otaesm's Weapon Shoppe.
  3944 | D        | Found Noonasm's Food Emporium.
  3951 | D        | Found Cyhonijec's General Store.
  3951 | D        | Found Ymekater's Gadget Boutique.
  3985 | D        | Bought a potion of agility for 52 gold pieces
  4096 | D        | Killed a shadow dragon
  4109 | D        | Noticed a fire giant
  4112 | D        | Noticed a fire giant
  4113 | D        | Noticed a fire giant
  4114 | D        | Noticed a fire giant
  4420 | D        | Killed from afar by a fire giant

Skill      XL: |  1  2  3  4  5  6  7  8  9 10 11 12 |
---------------+-------------------------------------+-----
Short Blades   | 4 5 7 9 10 11 | 11.2
Dodging        | 4 7 9 11 13 14 16 19 21 | 21.6
Stealth        | 7 10 11 12 13 14 16 18 20 23 | 23.5
Fighting       | 3 4 5 6 8 9 11 13 | 13.5
Invocations    | 3 7 |  7.6
Shields        | 3 4 |  4.4
Throwing       | |  2.0

Action                   |  1- 3 |  4- 6 |  7- 9 | 10-12 || total
-------------------------+-------+-------+-------+-------++-------
Melee: Dagger            |     2 |    27 |    20 |     9 ||    58
       Short sword       |       |       |    17 |   443 ||   460
 Fire: Blowgun           |       |     5 |       |     5 ||    10
Invok: Shadow Form       |       |       |       |     1 ||     1
 Abil: End Transformatio |       |       |       |     1 ||     1
  Use: Potion            |       |       |     1 |     4 ||     5
       Scroll            |       |       |     1 |     5 ||     6
 Stab: Sleeping          |     2 |     3 |     6 |    30 ||    41
       Distracted        |       |       |       |     4 ||     4
  Eat: Bread ration      |       |       |       |     1 ||     1
Armor: Robe              |       |       |     2 |     9 ||    11
Dodge: Dodged            |       |    19 |    51 |   318 ||   388
Block: Buckler           |       |       |       |    31 ||    31
